 Dungeon Crawl Stone Soup version 0.28.0 (webtiles) character file.

Game seed: 10895120866163524516

348278 GrayStillPlays the Peltast (level 22, -3/173 (177) HPs)
             Began as a Gnoll Fighter on Feb 16, 2022.
             Was the Champion of Okawaru.
             Slain by a spark wasp (16 damage)
             ... while paralysed by an air elemental
             ... on level 3 of the Depths.
             The game lasted 04:49:26 (86412 turns).

GrayStillPlays the Peltast (Gnoll Fighter)         Turns: 86412, Time: 04:49:28

HP:   -3/173 (177)  AC: 13    Str: 18    XL:     22   Next: 16%
MP:   40/40         EV:  2    Int: 21    God:    Okawaru [******]
Gold: 1227          SH:  0    Dex: 16    Spells: 12/50 levels left

rFire   + + +      SeeInvis +   N - +5 war axe of Zimaor {flame, Will+ Stlth+, axe}
rCold   + + +      Faith    .   z - +4 tower shield {rC+ rF+}
rNeg    . . .      Spirit   .   O - +2 robe {rC+ rF+}
rPois   .          Reflect  .   o - +2 helmet {SInv}
rElec   +          Harm     .   D - scarf {rC+ rF+}
rCorr   .          Rampage  ∞   Q - +2 pair of gloves {Dex+3}
Will    +++..                   u - +3 pair of seven-league boots {Rampage+∞}
Stlth   ++++++++..              y - amulet of Balance {RegenMP Drain rElec Will+ Slay+3}
HPRegen 0.38/turn               r - ring "Mexzil" {Wiz Int+4}
MPRegen 0.67/turn               E - ring of the Jumping Thickets {rF+ Int+2 SInv Stlth+}

@: paralysed, corroded, hasted, studying Summonings, lightly drained
A: fangs 1, strong nose, distributed training
}: 2/15 runes: serpentine, barnacled
a: Renounce Religion, Heroism, Finesse, Duel


You were on level 3 of the Depths.
You worshipped Okawaru.
Okawaru was exalted by your worship.
You visited 8 branches of the dungeon, and saw 38 of its levels.
You visited the Abyss 1 time.
You visited 1 bazaar.
You also visited: Sewer, Bailey and Ice Cave.

You collected 5580 gold pieces.
You spent 4353 gold pieces at shops.


Innate Abilities, Weirdness & Mutations

You have very sharp teeth.
Your uncanny sense of smell can sniff out nearby items.
Your experience applies equally to all skills.


   Skills:
 + Level 15.8 Fighting
 + Level 14.6 Short Blades
 + Level 14.6 Long Blades
 + Level 15.2 Axes
 + Level 14.6 Maces & Flails
 + Level 14.6 Polearms
 + Level 14.6 Staves
 + Level 14.6 Slings
 + Level 14.6 Bows
 + Level 14.6 Crossbows
 + Level 14.6 Throwing
 + Level 15.8 Armour
 + Level 14.6 Dodging
 + Level 14.6 Stealth
 + Level 15.8 Shields
 + Level 14.6 Unarmed Combat
 + Level 14.6 Spellcasting
 + Level 12.4 Conjurations
 + Level 12.4 Hexes
 + Level 13.4 Summonings
 + Level 12.4 Necromancy
 + Level 12.4 Translocations
 + Level 12.4 Transmutations
 + Level 12.4 Fire Magic
 + Level 12.4 Ice Magic
 + Level 12.4 Air Magic
 + Level 12.4 Earth Magic
 + Level 12.4 Poison Magic
 + Level 15.8 Invocations
 + Level 14.6 Evocations


You had 12 spell levels left.
You knew the following spells:

 Your Spells              Type           Power      Damage    Failure   Level
a - Mephitic Cloud        Conj/Pois/Air  61%        N/A       1%          3
b - Ignite Poison         Fire/Tmut/Pois 61%        N/A       1%          3
c - Silence               Hex/Air        30%        N/A       1%          5
d - Eringya's Noxious Bo  Tmut/Pois      30%        N/A       5%          6
e - Statue Form           Tmut/Erth      40%        N/A       5%          6
f - Storm Form            Tmut/Air       30%        N/A       26%         7
g - Manifold Assault      Tloc           61%        N/A       1%          5
h - Ozocubu's Armour      Ice            61%        N/A       1%          3

Your spell library contained the following spells:

 Spells                   Type           Power      Damage    Failure   Level
 Foxfire                  Conj/Fire      100%       2x1d9     1%          1
 Magic Dart               Conj           100%       1d8       1%          1
 Pain                     Necr           100%       1d9       1%          1
 Shock                    Conj/Air       100%       1d9       1%          1
 Sting                    Tmut/Pois      100%       1d8       1%          1
 Blink                    Tloc           100%       N/A       1%          2
 Ensorcelled Hibernation  Hex/Ice        100%       N/A       1%          2
 Passwall                 Tmut/Erth      50%        N/A       1%          2
 Poisonous Vapours        Pois/Air       100%       N/A       1%          2
 Searing Ray              Conj           100%       2d8       1%          2
 Static Discharge         Conj/Air       61%        N/A       1%          2
 Conjure Flame            Conj/Fire      61%        6-21      1%          3
 Dazzling Flash           Conj/Hex       100%       N/A       1%          3
 Gell's Gravitas          Tloc           61%        N/A       1%          3
 Inner Flame              Hex/Fire       61%        N/A       1%          3
 Lesser Beckoning         Tloc           61%        N/A       1%          3
 Portal Projectile        Hex/Tloc       100%       N/A       1%          3
 Swiftness                Air            61%        N/A       1%          3
 Teleport Other           Tloc           61%        N/A       1%          3
 Vampiric Draining        Necr           61%        2d10      1%          3
 Airstrike                Air            30%        N/A       1%          4
 Cause Fear               Hex            30%        N/A       1%          4
 Flame Wave               Conj/Fire      61%        2d12      1%          4
 Fulminant Prism          Conj/Hex       30%        3d16      1%          4
 Hailstorm                Conj/Ice       61%        3d13      1%          4
 Ice Form                 Ice/Tmut       61%        N/A       1%          4
 Olgreb's Toxic Radiance  Pois           61%        N/A       1%          4
 Passage of Golubria      Tloc           61%        N/A       1%          4
 Petrify                  Tmut/Erth      61%        N/A       1%          4
 Agony                    Necr           61%        N/A       1%          5
 Alistair's Intoxication  Tmut/Pois      40%        N/A       1%          5
 Blade Hands              Tmut           30%        N/A       1%          5
 Borgnjor's Vile Clutch   Necr/Erth      30%        N/A       1%          5
 Excruciating Wounds      Necr           30%        N/A       1%          5
 Freezing Cloud           Conj/Ice/Air   30%        6-21      1%          5
 Lightning Bolt           Conj/Air       30%        1d47      1%          5
 Metabolic Englaciation   Hex/Ice        30%        N/A       1%          5
 Yara's Violent Unravell  Hex/Tmut       30%        3d13      1%          5
 Dispersal                Tloc           30%        N/A       5%          6
 Iron Shot                Conj/Erth      30%        9d6       5%          6
 Discord                  Hex            30%        N/A       89%         8
 Maxwell's Capacitive Co  Air            30%        ∞         89%         8
 Animate Skeleton         Necr           Unusable   N/A       N/A         1
 Summon Small Mammal      Summ           Unusable   N/A       N/A         1
 Call Imp                 Summ           Unusable   N/A       N/A         2
 Call Canine Familiar     Summ           Unusable   N/A       N/A         3
 Summon Guardian Golem    Hex/Summ       Unusable   N/A       N/A         3
 Tukima's Dance           Hex            Unusable   N/A       N/A         3
 Animate Armour           Summ/Erth      Unusable   N/A       N/A         4
 Summon Lightning Spire   Summ/Air       Unusable   N/A       N/A         4
 Summon Forest            Summ/Tloc      Unusable   N/A       N/A         5
 Summon Mana Viper        Hex/Summ       Unusable   N/A       N/A         5
 Summon Cactus Giant      Summ           Unusable   N/A       N/A         6
 Simulacrum               Ice/Necr       Unusable   N/A       N/A         6
 Malign Gateway           Summ/Tloc      Unusable   N/A       N/A         7
 Summon Horrible Things   Summ           Unusable   N/A       N/A         8

Inventory:

Hand Weapons
 a - a +6 long sword of holy wrath {long}
   (You took it off Saint Roka on level 2 of the Orcish Mines)
 p - a +4 demon whip of venom {mace}
   (Okawaru gifted it to you on level 4 of the Snake Pit)
 J - a +1 eveningstar of electrocution {macerare=g}
   (You subdued it on level 2 of the Elven Halls)
 N - the +5 war axe of Zimaor (weapon) {flame, Will+ Stlth+, axe}
   (You bought it in a shop on level 2 of the Orcish Mines)

   It burns those it strikes, dealing additional fire damage.
   Big, fiery blades are also staple armaments of hydra-hunters.
   Will:      It increases your willpower.
   Stlth:     It makes you more stealthy.
Missiles
 b - 8 silver javelins {throwing}
 c - 3 curare-tipped darts (quivered) {=fthrowing}
 S - 16 atropa-tipped darts {throwing}
Armour
 o - a +2 helmet of see invisible (worn)
   (Okawaru gifted it to you on level 1 of the Orcish Mines)
 u - the +3 pair of seven-league boots (worn) {Rampage+∞}
   (You found it in an ice cave)

   Its wearer moves as far as possible in that direction when moving towards
   enemies.
 w - a +1 crystal plate armour of cold resistance {rare=g}
   (You found it in an ice cave)
 z - a +4 tower shield of resistance (worn)
   (You took it off a naga warrior on level 4 of the Snake Pit)
 C - the +6 plate armour "Missoy" {rN+}
   (Okawaru gifted it to you on level 15 of the Dungeon)

   rN:        It protects you from negative energy.
 D - a scarf of resistance (worn)
   (You bought it in a shop on level 5 of the Dungeon)
 O - a +2 robe of resistance (worn)
   (You took it off a merfolk aquamancer on level 2 of the Shoals)
 Q - a +2 pair of gloves of dexterity (worn)
   (You found it on level 3 of the Elven Halls)
Magical Staves
 F - a staff of air {!astaff}
   (You found it on level 3 of the Elven Halls)
Jewellery
 j - the ring "Wavuat" {Contam Will+ Str+6 Dex+3}
   (You bought it in a shop on level 3 of the Dungeon)

   [ring of strength]

   Str:       It affects your strength (+6).
   Dex:       It affects your dexterity (+3).
   Contam:    It causes magical contamination when unequipped.
   Will:      It increases your willpower.
 r - the ring "Mexzil" (left hand) {Wiz Int+4}
   (You bought it in a shop on level 3 of the Snake Pit)

   [ring of wizardry]

   It improves your spell success rate.
   Int:       It affects your intelligence (+4).
 y - the amulet of Balance (around neck) {RegenMP Drain rElec Will+ Slay+3}
   (You found it on level 1 of the Elven Halls)

   [amulet of magic regeneration]

   It increases your rate of magic regeneration.
   Slay:      It affects your accuracy & damage with ranged weapons and melee
   (+3).
   rElec:     It insulates you from electricity.
   Drain:     It drains your maximum health when unequipped.
   Will:      It increases your willpower.
 B - the ring of the Good {rElec rPois Int+4}
   (You bought it in a shop on level 3 of the Dungeon)

   [ring of poison resistance]

   Int:       It affects your intelligence (+4).
   rElec:     It insulates you from electricity.
   rPois:     It protects you from poison.
 E - the ring of the Jumping Thickets (right hand) {rF+ Int+2 SInv Stlth+}
   (You bought it in a shop on level 3 of the Dungeon)

   [ring of protection from fire]

   Int:       It affects your intelligence (+2).
   rF:        It protects you from fire.
   SInv:      It lets you see invisible.
   Stlth:     It makes you more stealthy.
Wands
 t - a wand of mindburst (23)
   (You found it on level 2 of the Dungeon)
 x - a wand of iceblast (6)
   (You found it on level 3 of the Dungeon)
 U - a wand of paralysis (15)
   (You found it on level 5 of the Dungeon)
 V - a wand of flame (63)
   (You took it off an orc priest on level 5 of the Dungeon)
 X - a wand of polymorph (33)
   (You found it on level 7 of the Dungeon)
 Y - a wand of acid (25)
   (You found it on level 7 of the Dungeon)
Scrolls
 e - 4 scrolls of fog
 f - 4 scrolls of fear
 h - 6 scrolls of teleportation {@r4}
 m - a scroll of brand weapon
 s - 4 scrolls of vulnerability {!r!r}
 v - 5 scrolls of immolation {!r!r}
 M - 2 scrolls of torment {!r}
 P - 14 scrolls of magic mapping {!r}
 T - 2 scrolls of summoning
 W - a scroll of enchant weapon
 Z - 18 scrolls of identify {@r1}
Potions
 d - 4 potions of might
 g - 4 potions of haste {@q3}
 i - 5 potions of cancellation
 k - 3 potions of brilliance
 q - 5 potions of flight
 A - 4 potions of resistance
 I - 3 potions of ambrosia
 K - 4 potions of mutation {!q}
 R - 4 potions of magic
Miscellaneous
 l - a lightning rod (4/4)
   (You found it on level 6 of the Lair of Beasts)
 H - a phial of floods (inert)
   (You found it on level 3 of the Elven Halls)
 L - a condenser vane (inert)
   (You found it in an ice cave)

Dungeon Overview and Level Annotations

Branches:
Dungeon (15/15)            Temple (1/1) D:4            Lair (6/6) D:10
 Shoals (4/4) Lair:4        Snake (4/4) Lair:3        Slime (0/5) Lair:5
    Orc (2/2) D:10            Elf (3/3) Orc:2        Vaults (0/5) D:14
 Depths (3/4) D:15          Sewer (visited)          Bailey (visited)
  IceCv (visited)

Altars:
Ashenzari
Cheibriados
Dithmenos
Elyvilon
Fedhas
Gozag
Hepliaklqana
Makhleb
Nemelex Xobeh
Okawaru
Qazlal
Ru
Sif Muna
Trog
Uskayaw
Vehumet
Wu Jian
Xom
Yredelemnul
Zin
The Shining One
Beogh
Jiyva
Lugonu

Shops:
D:2 !!**   D:3 =   D:4 :   D:5 *   D:14 *   Orc:2 (!([   Elf:1 [   Snake:2 [[(!
Snake:3 ***=*   Snake:4 (

Portals:
Hell: Depths:1 Depths:2
Abyss: Lair:3 Depths:3
Trove: D:15 (give 14 potions of heal wounds)

Annotations:
D:2 1 runed translucent door, Crazy Yiuf
D:5 exclusion: oklob plant
D:6 2 runed translucent doors
D:11 1 runed translucent door
Lair:3 exclusion: lurking horror
Lair:6 exclusion: obsidian statue
Snake:1 2 transporters
Depths:3 Sojobo

#............# #.....
#............# #.....
#............# #.....
#............# #.....
#######............# #.Q.§.
#..................# #....)
#.............(....#####.....
#.[[).....[..y..QE.Q.........
#.<)........@y..Ey......§....
#.[[.[...........Q.#####..###
#.[......########..# ##..##
#+#..[...# ##..####....#
##.....# #........#..#
#.....# #.##..#..#..# #.....#
#.##.....##.# #.....#
#.[.#.....#.# ##.....#
#...)#....#.#


You could see Sojobo (repels missiles), 2 tengu reavers, 3 spark wasps and 2 air
elementals.


Message History

😨 HP[-47]
You take 47 damage, and now have 70/230 hp.
MASSIVE DAMAGE!! (PAUSE)
Casting: Statue Form (mildly dangerous; 5% risk of failure)
Confirm with . or Enter, or press ? or * to list all spells.
Casting: Eringya's Noxious Bog (mildly dangerous; 5% risk of failure)
Press: ? - help, Dir - look around, f - activate Splash!
You fall into the toxic bog.
Moving in this stuff is going to be slow.
You spew toxic sludge!
The spark wasp buzzes angrily.
The spark wasp bursts into living lightning!
The living lightning misses you.
The spark wasp blinks!
The tengu reaver casts a spell at you. The bolt of fire misses you.
Sojobo waves her feathered arms in wide circles.
The air twists around and strikes you!
* * * LOW HITPOINT WARNING * * *
You block the spark wasp's attack. The tengu reaver casts a spell at you.
The bolt of negative energy hits you! You partially resist.
You feel drained.
* * * LOW HITPOINT WARNING * * *
The tengu reaver hits you with a +0 long sword!
* * * LOW HITPOINT WARNING * * *
The tengu reaver pecks you but does no damage.
The tengu reaver misses you. The spark wasp barely misses you.
You block the tengu reaver's attack. x2
The tengu reaver claws you but does no damage.
You hear an angry buzzing noise. 😱 HP[-38] MP[-5]
You now have 224 max hp (-6).
You take 38 damage, and now have 32/224 hp.
You lost 5 mp, and now have 35/40 mp.
Blink to where?
Press: ? - help, Q - select action, (/) - cycle Dir - move target
As you read the scroll of blinking {!r}, it crumbles to dust.
Your transformation is almost over. 😱 MP[+1]
You feel yourself speed up.
The spark wasp bursts into living lightning!
The living lightning misses you.
The spark wasp blinks!
The tengu reaver gestures at you while chanting.
The bolt of fire hits you. You resist.
* * * LOW HITPOINT WARNING * * *
The spark wasp buzzes angrily.
You hear an angry buzzing noise. 😱 HP[-2] MP[+1]
You take 2 damage, and now have 30/224 hp.
You block the spark wasp's attack.
Sojobo points at you and mumbles some strange words.
The bolt of lightning misses you. 😱 MP[+1]
Your noxious spew wanes.
You block the spark wasp's attack.
Sojobo barks, "Your form is terrible!"
A spark wasp comes into view.
You block the spark wasp's attack. 😱 HP[+1] 😱 MP[+1]
You block the spark wasp's attack.
The spark wasp bursts into living lightning!
The living lightning hits the spark wasp.
The spark wasp completely resists.
The living lightning hits you but does no damage.
The spark wasp blinks! 😱 HP[+1] MP[+1]
Your mp is fully restored (40).
You block the spark wasp's attack. You block the spark wasp's attack.
The spark wasp closely misses you. 😱 HP[+1] Sojobo barks, "Your form is terrible!"
You block the spark wasp's attack.
You revert to your normal fleshy form.
Your +2 pair of gloves of dexterity unmelds from your body.
The +3 pair of seven-league boots {Rampage+∞} unmelds from your body.
Your +2 robe of resistance unmelds from your body.
You feel agile.
You feel ready to stride towards your foes.
You feel resistant to extremes of temperature.
Sojobo casts a spell.
You block the spark wasp's attack. The spark wasp misses you. 😱 HP[-7]
You now have 173 max hp (-51).
The air elemental fires a burst of electricity at you.
The stunning burst hits the spark wasp.
The spark wasp completely resists.
The stunning burst hits you. You resist.
* * * LOW HITPOINT WARNING * * *
😱 HP[-4]
You take 4 damage, and now have 22/173 hp.
The air elemental fires a burst of electricity at you.
The stunning burst hits the spark wasp.
The spark wasp completely resists.
The stunning burst hits you. You resist.
You suddenly lose the ability to move!
* * * LOW HITPOINT WARNING * * *
The air elemental fires a burst of electricity at you.
The stunning burst hits the spark wasp but does no damage.
The stunning burst hits you. You resist.
* * * LOW HITPOINT WARNING * * *
The spark wasp stings you!
You die...

Skill      XL: |  1  2  3  4  5  6  7  8  9 10 11 12 13 14 15 16 17 18 19 20 21 |
---------------+----------------------------------------------------------------+-----
Invocations    | 1 2 3 4 5 6 7 8 9 10 11 12 13 14 15 | 15.8
Short Blades   | 1 2 3 4 5 6 7 8 9 10 11 12 13 14 | 14.6
Long Blades    | 1 2 3 4 5 6 7 8 9 10 11 12 13 14 | 14.6
Maces & Flails | 1 2 3 4 5 6 7 8 9 10 11 12 13 14 | 14.6
Polearms       | 1 2 3 4 5 6 7 8 9 10 11 12 13 14 | 14.6
Staves         | 1 2 3 4 5 6 7 8 9 10 11 12 13 14 | 14.6
Slings         | 1 2 3 4 5 6 7 8 9 10 11 12 13 14 | 14.6
Bows           | 1 2 3 4 5 6 7 8 9 10 11 12 13 14 | 14.6
Crossbows      | 1 2 3 4 5 6 7 8 9 10 11 12 13 14 | 14.6
Throwing       | 1 2 3 4 5 6 7 8 9 10 11 12 13 14 | 14.6
Dodging        | 1 2 3 4 5 6 7 8 9 10 11 12 13 14 | 14.6
Stealth        | 1 2 3 4 5 6 7 8 9 10 11 12 13 14 | 14.6
Unarmed Combat | 1 2 3 4 5 6 7 8 9 10 11 12 13 14 | 14.6
Spellcasting   | 1 2 3 4 5 6 7 8 9 10 11 12 13 14 | 14.6
Evocations     | 1 2 3 4 5 6 7 8 9 10 11 12 13 14 | 14.6
Conjurations   | 1 2 3 4 5 6 7 8 9 10 11 12 | 12.4
Hexes          | 1 2 3 4 5 6 7 8 9 10 11 12 | 12.4
Summonings     | 1 2 3 4 5 6 7 8 9 10 11 12 13 | 13.4
Necromancy     | 1 2 3 4 5 6 7 8 9 10 11 12 | 12.4
Translocations | 1 2 3 4 5 6 7 8 9 10 11 12 | 12.4
Transmutations | 1 2 3 4 5 6 7 8 9 10 11 12 | 12.4
Fire Magic     | 1 2 3 4 5 6 7 8 9 10 11 12 | 12.4
Ice Magic      | 1 2 3 4 5 6 7 8 9 10 11 12 | 12.4
Air Magic      | 1 2 3 4 5 6 7 8 9 10 11 12 | 12.4
Earth Magic    | 1 2 3 4 5 6 7 8 9 10 11 12 | 12.4
Poison Magic   | 1 2 3 4 5 6 7 8 9 10 11 12 | 12.4
Axes           | 5 6 7 8 9 10 11 12 13 14 15 | 15.2
Fighting       | 7 8 9 10 11 12 13 14 15 | 15.8
Armour         | 7 8 9 10 11 12 13 14 15 | 15.8
Shields        | 7 8 9 10 11 12 13 14 15 | 15.8

Action                   |  1- 3 |  4- 6 |  7- 9 | 10-12 | 13-15 | 16-18 | 19-21 | 22-24 || total
-------------------------+-------+-------+-------+-------+-------+-------+-------+-------++-------
Melee: War axe           |   101 |   179 |    18 |       |   379 |  1593 |   873 |    51 ||  3194
       Bite              |     9 |    18 |    49 |   167 |   433 |   277 |   279 |     9 ||  1241
       Hand axe          |       |       |   460 |   955 |  1845 |       |       |       ||  3260
       Dagger            |       |       |       |    35 |    57 |       |       |       ||    92
       Long sword        |       |       |       |       |    14 |    67 |    15 |       ||    96
       Demon whip        |       |       |       |       |       |       |   637 |       ||   637
       Unarmed           |       |       |       |       |       |       |   167 |       ||   167
Throw: Dart              |       |       |     1 |    30 |    15 |     1 |     5 |       ||    52
       Boomerang         |       |       |       |    30 |     5 |       |       |       ||    35
       Javelin           |       |       |       |     4 |     9 |       |     6 |       ||    19
 Cast: Mephitic Cloud    |       |       |       |       |       |     7 |    32 |       ||    39
       Ignite Poison     |       |       |       |       |       |     7 |    29 |       ||    36
       Silence           |       |       |       |       |       |     2 |       |       ||     2
       Statue Form       |       |       |       |       |       |       |    90 |     5 ||    95
       Eringya's Noxious |       |       |       |       |       |       |    70 |     4 ||    74
       Storm Form        |       |       |       |       |       |       |     2 |       ||     2
       Manifold Assault  |       |       |       |       |       |       |     3 |       ||     3
       Ozocubu's Armour  |       |       |       |       |       |       |     1 |       ||     1
Invok: Heroism           |       |       |     3 |    11 |    17 |    26 |    11 |       ||    68
       Finesse           |       |       |       |     4 |    11 |     5 |     1 |       ||    21
Evoke: Wand              |       |       |       |     8 |     4 |     9 |    26 |       ||    47
       Lightning rod     |       |       |       |       |     7 |     7 |    14 |       ||    28
       Condenser vane    |       |       |       |       |       |       |     5 |     1 ||     6
       Phial of floods   |       |       |       |       |       |       |     2 |     1 ||     3
  Use: Potion            |       |     1 |     2 |     3 |     5 |     9 |    22 |     5 ||    47
       Scroll            |       |       |    10 |    10 |     9 |     7 |    20 |     5 ||    61
 Stab: Invisible         |       |       |     4 |     1 |       |       |       |       ||     5
       Sleeping          |       |       |       |       |     5 |     3 |     7 |       ||    15
       Distracted        |       |       |       |       |     2 |       |     2 |       ||     4
       Petrified         |       |       |       |       |       |       |     2 |       ||     2
       Confused          |       |       |       |       |       |       |     5 |       ||     5
       Petrifying        |       |       |       |       |       |       |     1 |       ||     1
Armor: Scale mail        |    66 |    90 |    55 |       |       |       |       |       ||   211
       Chain mail        |       |       |   182 |   446 |   909 |    75 |       |       ||  1612
       Plate armour      |       |       |       |       |       |   586 |   444 |       ||  1030
       Skin              |       |       |       |       |       |       |   536 |    43 ||   579
       Robe              |       |       |       |       |       |       |    12 |       ||    12
Dodge: Dodged            |    63 |    88 |   167 |   410 |   830 |   468 |  1031 |    58 ||  3115
Block: Buckler           |    24 |    52 |   130 |   375 |  1102 |   454 |   351 |       ||  2488
       Tower shield      |       |       |       |       |       |   771 |  1589 |    95 ||  2455

Levels and vault maps discovered:
D:1:      evilmike_arrival_plus, layout_basic
D:2:      layout_basic, serial_shops, nicolae_shop_hallway_plus,
          nicolae_shop_stone, shop, nicolae_shop_waterfront,
          minmay_snake_closets, uniq_crazy_yiuf_cottage
D:3:      kennysheep_six_static_rooms, layout_loops_ring,
          ebering_ecumenical_altar_box, serial_shops, nicolae_shop_behind_doors,
          minivault_11, columned_hall_lemuel, uniq_natasha
D:4:      layout_basic, nicolae_gozag_cash_rules_everything_around_me,
          minmay_temple_entry_enclosed_plants, serial_shops,
          nicolae_shop_hallway_plus, portal_sewer_entry_a, uniq_edmund
D:5:      layout_gridville, lemuel_doored_altar, mainiacjoe_overflow_paths,
          tgw_fedhas, nicolae_shop_sticking_my_neck_out, uniq_pikel
D:6:      layout_loops_corners, lemuel_round_altar,
          mainiacjoe_overflow_six_doors_small, jmf_multi_god_temple2,
          uniq_menkaure
D:7:      layout_rooms, enter_bailey_2
D:8:      minmay_skewed_foursquare, layout_gridville
D:9:      layout_basic, mainiacjoe_overflow_alcove_4
D:10:     layout_basic, david_lair_generic, erik_orc_4
D:11:     cheibrodos_histonic, layout_rooms, okawaru_trees_1
D:12:     layout_loops_ring
D:13:     layout_stronghold
D:14:     layout_cave_pods, hangedman_vaults_entry_quadrant_bands,
          chequers_serial_rivers_marsh, kennysheep_pointless_box,
          nicolae_island_escapes
D:15:     gammafunk_depths_entry_grave, layout_irregular_city, chequers_garden,
          enter_trove_1, brannock_xom_greatest_gift, uniq_jorgrun, uniq_roxanne
Temple:   nicolae_temple_figure_eight
Lair:1:   layout_small_grid
Lair:2:   layout_gridlike, cheibrodos_lair_lostbears, uniq_fannar
Lair:3:   minmay_lair_venomous_thicket, layout_misc_corridors,
          guppyfry_snake_entry_island, special_room [special_room_bee],
          grunt_forest_small_clearings, amcnicky_altar_lugonu_corruption,
          uniq_gastronok
Lair:4:   layout_misc_corridors, minmay_shoals_entry_centaurs,
          lemuel_fruit_fields
Lair:5:   layout_misc_corridors, slime_altar_1, grunt_megastairs_5
Lair:6:   due_jungle_book, layout_concentric_octagons, nzn_sisyphean_effort,
          lemuel_fruit_fields
Shoals:1: layout_shoals, portal_ice_cave_entry_ice_simulacra, serial_shops,
          nicolae_shop_statue_plus
Shoals:2: layout_shoals, uniq_polyphemus, uniq_nikola, uniq_kirke
Shoals:3: layout_shoals
Shoals:4: shoals_end_hangedman, layout_shoals, serial_shops, bzr_entry_water
Snake:1:  gammafunk_its_a_trap, layout_chambers, uniq_aizul
Snake:2:  layout_rooms, grunt_megastairs_2, minmay_shoptagon
Snake:3:  layout_onion_interference, serial_shops, nicolae_shop_waterfront,
          nicolae_shop_hallway_plus, nicolae_shop_hallway_plus,
          nicolae_shop_advertising_works [nicolae_subvault_shop_adworks],
          nicolae_diamond_shop, nicolae_coiled_stairwell_up
Snake:4:  snake_pit, layout_chambers, hellmonk_ghost_happy_afterlife,
          nicolae_shop_firing_range, uniq_agnes
Orc:1:    layout_caves, minmay_orc_keep, uniq_josephine
Orc:2:    grunt_orc_community_town_hall, layout_caves,
          grunt_orc_community_big_house_2, grunt_orc_community_big_house_2,
          grunt_orc_community_house_1, grunt_orc_community_house_2,
          grunt_orc_community_house_3, grunt_orc_community_house_3
Elf:1:    elf_arrival_002, layout_loops_corners, serial_shops, shop,
          kennysheep_underground_church, minivault_19, hangedman_summoners_spam
Elf:2:    elven_hall_of_blades_hangedman_original [mumra_blade_entry_dagger],
          layout_geoelf_grid, nicolae_shop_unique_rings, uniq_azrael
Elf:3:    minmay_elf_hall_not_hex, layout_geoelf_grid, minmay_misc_feat_cross
Depths:1: layout_honeycomb, hangedman_abyss_or_decor_passed, hellmouth_3,
          minmay_gold_behind_fungi, kennysheep_boxes, uniq_saint_roka
Depths:2: minmay_the_grid_four_pointed_star_mashed
          [minmay_the_grid_triangle_9x9_steps,
          minmay_the_grid_triangle_9x9_wacky_v,
          minmay_the_grid_triangle_9x9_subtriangle,
          minmay_the_grid_triangle_9x9_shrine, minmay_the_grid_prize_trominoes],
          layout_cave_pools, nicolae_ru_awakened_eye, pan_entry, hell_entry,
          nicolae_shop_fire_sale [nicolae_sub_dead_trees], item_on_display_a
Depths:3: minmay_blocking_statues, layout_small_grid, enter_ziggurat_b,
          abyss_entry_small_statue_room, serial_shops, bzr_entry_safe,
          hellmouth_2, hangedman_abyss_or_decor_jellyfish_corner, uniq_sojobo

Notes
Turn   | Place    | Note
-------+----------+-------------------------------------------
     0 | D:1      | GrayStillPlays the Gnoll Fighter began the quest for the
                  | Orb.
     0 | D:1      | Reached XP level 1. HP: 23/23 MP: 1/1
     0 | D:1      | magus.rc [v1.9.6]
   144 | D:1      | Reached XP level 2. HP: 29/29 MP: 2/2
   698 | D:1      | Reached XP level 3. HP: 35/35 MP: 3/3
  1006 | D:2      | Reached skill level 1 in Invocations
  1050 | D:2      | Reached skill level 1 in Short Blades
  1050 | D:2      | Reached skill level 1 in Long Blades
  1050 | D:2      | Reached skill level 1 in Maces & Flails
  1050 | D:2      | Reached skill level 1 in Polearms
  1050 | D:2      | Reached skill level 1 in Staves
  1050 | D:2      | Reached skill level 1 in Slings
  1050 | D:2      | Reached skill level 1 in Bows
  1050 | D:2      | Reached skill level 1 in Crossbows
  1050 | D:2      | Reached skill level 1 in Throwing
  1050 | D:2      | Reached skill level 1 in Dodging
  1050 | D:2      | Reached skill level 1 in Stealth
  1050 | D:2      | Reached skill level 1 in Unarmed Combat
  1050 | D:2      | Reached skill level 1 in Spellcasting
  1050 | D:2      | Reached skill level 1 in Evocations
  1058 | D:2      | Reached XP level 4. HP: 40/41 MP: 5/5
  1384 | D:2      | Reached skill level 1 in Conjurations
  1384 | D:2      | Reached skill level 1 in Hexes
  1384 | D:2      | Reached skill level 1 in Summonings
  1384 | D:2      | Reached skill level 1 in Necromancy
  1384 | D:2      | Reached skill level 1 in Translocations
  1384 | D:2      | Reached skill level 1 in Transmutations
  1384 | D:2      | Reached skill level 1 in Fire Magic
  1384 | D:2      | Reached skill level 1 in Ice Magic
  1384 | D:2      | Reached skill level 1 in Air Magic
  1384 | D:2      | Reached skill level 1 in Earth Magic
  1384 | D:2      | Reached skill level 1 in Poison Magic
  1472 | D:2      | Found Nisyra's General Store.
  1504 | D:2      | Found Etuhediq's Assorted Antiques.
  1673 | D:2      | Found Otomi's Distillery.
  1905 | D:2      | Found a runed translucent door.
  1906 | D:2      | Noticed Crazy Yiuf
  2073 | D:2      | Found Morghy's Distillery.
  2316 | D:3      | Found a faded altar of an unknown god.
  2414 | D:3      | Reached XP level 5. HP: 47/47 MP: 6/6
  2644 | D:3      | Noticed Natasha
  2651 | D:3      | Killed Natasha
  2768 | D:3      | Found Lakkoce's Jewellery Emporium.
  3003 | D:3      | Noticed Natasha
  3015 | D:3      | Killed Natasha
  3016 | D:3      | Reached skill level 2 in Invocations
  3016 | D:3      | Reached XP level 6. HP: 46/53 MP: 8/8
  3153 | D:3      | Noticed Natasha
  3161 | D:3      | Killed Natasha
  3321 | D:3      | Reached skill level 2 in Short Blades
  3321 | D:3      | Reached skill level 2 in Long Blades
  3321 | D:3      | Reached skill level 5 in Axes
  3321 | D:3      | Reached skill level 2 in Maces & Flails
  3321 | D:3      | Reached skill level 2 in Polearms
  3321 | D:3      | Reached skill level 2 in Staves
  3321 | D:3      | Reached skill level 2 in Slings
  3321 | D:3      | Reached skill level 2 in Bows
  3321 | D:3      | Reached skill level 2 in Crossbows
  3321 | D:3      | Reached skill level 2 in Throwing
  3321 | D:3      | Reached skill level 2 in Dodging
  3321 | D:3      | Reached skill level 2 in Stealth
  3321 | D:3      | Reached skill level 2 in Unarmed Combat
  3321 | D:3      | Reached skill level 2 in Spellcasting
  3321 | D:3      | Reached skill level 2 in Evocations
  3692 | D:4      | Noticed a black bear
  3693 | D:4      | Noticed Edmund
  3703 | D:4      | Killed a black bear
  3716 | D:4      | HP: 10/53 [Edmund (5)]
  3718 | D:4      | Killed Edmund
  3719 | D:4      | Reached skill level 7 in Fighting
  3719 | D:4      | Reached skill level 7 in Armour
  3719 | D:4      | Reached skill level 7 in Shields
  3719 | D:4      | Reached XP level 7. HP: 12/60 MP: 10/10
  3943 | D:4      | Found an opulent altar of Gozag.
  4092 | D:4      | Found Debbubb's Book Emporium.
  4145 | D:4      | Reached skill level 2 in Conjurations
  4145 | D:4      | Reached skill level 2 in Hexes
  4145 | D:4      | Reached skill level 2 in Summonings
  4145 | D:4      | Reached skill level 2 in Necromancy
  4145 | D:4      | Reached skill level 2 in Translocations
  4145 | D:4      | Reached skill level 2 in Transmutations
  4145 | D:4      | Reached skill level 2 in Fire Magic
  4145 | D:4      | Reached skill level 2 in Ice Magic
  4145 | D:4      | Reached skill level 2 in Air Magic
  4145 | D:4      | Reached skill level 2 in Earth Magic
  4145 | D:4      | Reached skill level 2 in Poison Magic
  4200 | D:4      | Found a glowing drain.
  4223 | Sewer    | Entered a sewer
  4577 | D:4      | Found a staircase to the Ecumenical Temple.
  4583 | Temple   | Entered the Ecumenical Temple
  4797 | Temple   | Became a worshipper of Warmaster Okawaru
  5229 | D:5      | Entered Level 5 of the Dungeon
  5238 | D:5      | Reached skill level 3 in Invocations
  5600 | D:5      | Reached XP level 8. HP: 63/67 MP: 12/12
  5601 | D:5      | You fall into a shaft and drop 1 floor!
  5844 | D:6      | Found an ornate altar of the Wu Jian Council.
  5863 | D:6      | You pick up a book of Conjurations {@e2} and begin
                  | reading...
  5863 | D:6      | You add the spells Magic Dart, Searing Ray and Fulminant
                  | Prism to your library.
  5918 | D:6      | Found a basalt altar of Yredelemnul.
  5938 | D:6      | Noticed Menkaure
  5944 | D:6      | Reached skill level 3 in Short Blades
  5944 | D:6      | Reached skill level 3 in Long Blades
  5944 | D:6      | Reached skill level 3 in Maces & Flails
  5944 | D:6      | Reached skill level 3 in Polearms
  5944 | D:6      | Reached skill level 3 in Staves
  5944 | D:6      | Reached skill level 3 in Slings
  5944 | D:6      | Reached skill level 3 in Bows
  5944 | D:6      | Reached skill level 3 in Crossbows
  5944 | D:6      | Reached skill level 3 in Throwing
  5944 | D:6      | Reached skill level 3 in Dodging
  5944 | D:6      | Reached skill level 3 in Stealth
  5944 | D:6      | Reached skill level 3 in Unarmed Combat
  5944 | D:6      | Reached skill level 3 in Spellcasting
  5944 | D:6      | Reached skill level 3 in Evocations
  5946 | D:6      | Reached * piety under Okawaru
  5953 | D:6      | Killed Menkaure
  7138 | D:6      | Found a large runed translucent door.
  7138 | D:6      | Found a large runed translucent door.
  7597 | D:5      | Reached skill level 3 in Conjurations
  7597 | D:5      | Reached skill level 3 in Hexes
  7597 | D:5      | Reached skill level 3 in Summonings
  7597 | D:5      | Reached skill level 3 in Necromancy
  7597 | D:5      | Reached skill level 3 in Translocations
  7597 | D:5      | Reached skill level 3 in Transmutations
  7597 | D:5      | Reached skill level 3 in Fire Magic
  7597 | D:5      | Reached skill level 3 in Ice Magic
  7597 | D:5      | Reached skill level 3 in Air Magic
  7597 | D:5      | Reached skill level 3 in Earth Magic
  7597 | D:5      | Reached skill level 3 in Poison Magic
  7597 | D:5      | Reached skill level 4 in Invocations
  7885 | D:5      | Reached skill level 6 in Axes
  8079 | D:5      | You pick up a book of Minor Magic and begin reading...
  8083 | D:5      | Found a stormy altar of Qazlal.
  8145 | D:5      | Reached XP level 9. HP: 58/72 MP: 14/14
  8278 | D:5      | Found Geptid's Neck Hole.
  8402 | D:5      | Found a blossoming altar of Fedhas.
  8421 | D:5      | Reached skill level 4 in Short Blades
  8421 | D:5      | Reached skill level 4 in Long Blades
  8421 | D:5      | Reached skill level 4 in Maces & Flails
  8421 | D:5      | Reached skill level 4 in Polearms
  8421 | D:5      | Reached skill level 4 in Staves
  8421 | D:5      | Reached skill level 4 in Slings
  8421 | D:5      | Reached skill level 4 in Bows
  8421 | D:5      | Reached skill level 4 in Crossbows
  8421 | D:5      | Reached skill level 4 in Throwing
  8421 | D:5      | Reached skill level 4 in Dodging
  8421 | D:5      | Reached skill level 4 in Stealth
  8421 | D:5      | Reached skill level 4 in Unarmed Combat
  8421 | D:5      | Reached skill level 4 in Spellcasting
  8421 | D:5      | Reached skill level 4 in Evocations
  8564 | D:5      | Noticed an oklob plant
  8717 | D:5      | Found a hazy altar of Hepliaklqana.
  8861 | D:5      | Noticed Pikel
  8889 | D:4      | Killed Pikel
  8889 | D:4      | Reached ** piety under Okawaru
  9152 | D:7      | You pick up a book of Flames and begin reading...
  9152 | D:7      | You add the spells Foxfire, Conjure Flame, Inner Flame and
                  | Flame Wave to your library.
  9217 | D:7      | Reached skill level 8 in Fighting
  9217 | D:7      | Reached skill level 8 in Armour
  9217 | D:7      | Reached skill level 8 in Shields
  9278 | D:7      | Reached skill level 5 in Invocations
  9389 | D:7      | Found a flagged portal.
  9403 | Bailey   | Entered a bailey
  9607 | Bailey   | Reached XP level 10. HP: 54/80 MP: 17/17
  9768 | Bailey   | Reached skill level 4 in Conjurations
  9768 | Bailey   | Reached skill level 4 in Hexes
  9768 | Bailey   | Reached skill level 4 in Summonings
  9768 | Bailey   | Reached skill level 4 in Necromancy
  9768 | Bailey   | Reached skill level 4 in Translocations
  9768 | Bailey   | Reached skill level 4 in Transmutations
  9768 | Bailey   | Reached skill level 4 in Fire Magic
  9768 | Bailey   | Reached skill level 4 in Ice Magic
  9768 | Bailey   | Reached skill level 4 in Air Magic
  9768 | Bailey   | Reached skill level 4 in Earth Magic
  9768 | Bailey   | Reached skill level 4 in Poison Magic
  9799 | Bailey   | Reached skill level 5 in Short Blades
  9799 | Bailey   | Reached skill level 5 in Long Blades
  9799 | Bailey   | Reached skill level 5 in Maces & Flails
  9799 | Bailey   | Reached skill level 5 in Polearms
  9799 | Bailey   | Reached skill level 5 in Staves
  9799 | Bailey   | Reached skill level 5 in Slings
  9799 | Bailey   | Reached skill level 5 in Bows
  9799 | Bailey   | Reached skill level 5 in Crossbows
  9799 | Bailey   | Reached skill level 5 in Throwing
  9799 | Bailey   | Reached skill level 5 in Dodging
  9799 | Bailey   | Reached skill level 5 in Stealth
  9799 | Bailey   | Reached skill level 5 in Unarmed Combat
  9799 | Bailey   | Reached skill level 5 in Spellcasting
  9799 | Bailey   | Reached skill level 5 in Evocations
  9954 | Bailey   | Reached *** piety under Okawaru
 10326 | Bailey   | Noticed Prince Ribbit
 10327 | Bailey   | Noticed a vault guard
 10369 | Bailey   | Killed a vault guard
 10369 | Bailey   | Received a gift from Okawaru
 10370 | Bailey   | Reached skill level 7 in Axes
 10374 | Bailey   | Killed Prince Ribbit
 10644 | Bailey   | Noticed a vault guard
 10695 | Bailey   | Killed a vault guard
 10695 | Bailey   | Reached **** piety under Okawaru
 10696 | Bailey   | Reached skill level 6 in Invocations
 11017 | D:7      | Received a gift from Okawaru
 11290 | D:8      | Noticed a two-headed ogre
 11302 | D:8      | Killed a two-headed ogre
 11605 | D:8      | Reached XP level 11. HP: 66/87 MP: 19/19
 12330 | D:8      | Reached skill level 9 in Fighting
 12330 | D:8      | Reached skill level 9 in Armour
 12330 | D:8      | Reached skill level 9 in Shields
 12433 | D:8      | Reached skill level 6 in Short Blades
 12433 | D:8      | Reached skill level 6 in Long Blades
 12433 | D:8      | Reached skill level 6 in Maces & Flails
 12433 | D:8      | Reached skill level 6 in Polearms
 12433 | D:8      | Reached skill level 6 in Staves
 12433 | D:8      | Reached skill level 6 in Slings
 12433 | D:8      | Reached skill level 6 in Bows
 12433 | D:8      | Reached skill level 6 in Crossbows
 12433 | D:8      | Reached skill level 6 in Throwing
 12433 | D:8      | Reached skill level 6 in Dodging
 12433 | D:8      | Reached skill level 6 in Stealth
 12433 | D:8      | Reached skill level 6 in Unarmed Combat
 12433 | D:8      | Reached skill level 6 in Spellcasting
 12433 | D:8      | Reached skill level 6 in Evocations
 12867 | D:8      | Reached skill level 5 in Conjurations
 12867 | D:8      | Reached skill level 5 in Hexes
 12867 | D:8      | Reached skill level 5 in Summonings
 12867 | D:8      | Reached skill level 5 in Necromancy
 12867 | D:8      | Reached skill level 5 in Translocations
 12867 | D:8      | Reached skill level 5 in Transmutations
 12867 | D:8      | Reached skill level 5 in Fire Magic
 12867 | D:8      | Reached skill level 5 in Ice Magic
 12867 | D:8      | Reached skill level 5 in Air Magic
 12867 | D:8      | Reached skill level 5 in Earth Magic
 12867 | D:8      | Reached skill level 5 in Poison Magic
 13054 | D:9      | Noticed a two-headed ogre
 13063 | D:9      | Killed a two-headed ogre
 13138 | D:9      | You pick up a book of Iron and begin reading...
 13138 | D:9      | You add the spells Blade Hands and Iron Shot to your
                  | library.
 13839 | D:9      | Found a shadowy altar of Dithmenos.
 14253 | D:9      | Received a gift from Okawaru
 14448 | D:10     | Entered Level 10 of the Dungeon
 14965 | D:10     | Found a staircase to the Lair.
 15004 | D:10     | Reached skill level 7 in Invocations
 15069 | D:10     | You pick up a book of the Senses and begin reading...
 15069 | D:10     | You add the spells Dazzling Flash, Agony and Silence to
                  | your library.
 15094 | D:10     | Reached ***** piety under Okawaru
 15095 | D:10     | Reached skill level 8 in Axes
 15145 | D:10     | Received a gift from Okawaru
 15146 | D:10     | Noticed a two-headed ogre
 15147 | D:10     | Identified the +7 dagger "Ekhottagre" {protect, Int+3
                  | Dex+6}
 15181 | D:10     | Killed a two-headed ogre
 15317 | D:10     | Found a staircase to the Orcish Mines.
 16383 | D:11     | Noticed a two-headed ogre
 16393 | D:11     | Killed a two-headed ogre
 16393 | D:11     | Received a gift from Okawaru
 16454 | D:11     | Reached XP level 12. HP: 89/96 MP: 15/22
 16459 | D:11     | Noticed a two-headed ogre
 16493 | D:11     | Killed a two-headed ogre
 16567 | D:11     | Found an iron altar of Okawaru.
 16622 | D:11     | Found a runed translucent door.
 16628 | D:11     | You pick up a book of Storms and begin reading...
 16628 | D:11     | You add the spells Airstrike and Lightning Bolt to your
                  | library.
 16664 | D:11     | Noticed a seven-headed hydra
 16683 | D:11     | Killed a one-headed hydra
 16684 | D:11     | Reached skill level 7 in Short Blades
 16684 | D:11     | Reached skill level 7 in Long Blades
 16684 | D:11     | Reached skill level 7 in Maces & Flails
 16684 | D:11     | Reached skill level 7 in Polearms
 16684 | D:11     | Reached skill level 7 in Staves
 16684 | D:11     | Reached skill level 7 in Slings
 16684 | D:11     | Reached skill level 7 in Bows
 16684 | D:11     | Reached skill level 7 in Crossbows
 16684 | D:11     | Reached skill level 7 in Throwing
 16684 | D:11     | Reached skill level 7 in Dodging
 16684 | D:11     | Reached skill level 7 in Stealth
 16684 | D:11     | Reached skill level 7 in Unarmed Combat
 16684 | D:11     | Reached skill level 7 in Spellcasting
 16684 | D:11     | Reached skill level 7 in Evocations
 16955 | D:11     | Noticed a seven-headed hydra
 16967 | D:11     | Killed a one-headed hydra
 17105 | D:11     | Noticed a boulder beetle
 17134 | D:11     | Killed a boulder beetle
 17134 | D:11     | Identified the +4 buckler of Xoggidas {rPois} (Okawaru
                  | gifted it to you on level 11 of the Dungeon)
 17134 | D:11     | Received a gift from Okawaru
 17469 | D:11     | Reached skill level 6 in Conjurations
 17469 | D:11     | Reached skill level 6 in Hexes
 17469 | D:11     | Reached skill level 6 in Summonings
 17469 | D:11     | Reached skill level 6 in Necromancy
 17469 | D:11     | Reached skill level 6 in Translocations
 17469 | D:11     | Reached skill level 6 in Transmutations
 17469 | D:11     | Reached skill level 6 in Fire Magic
 17469 | D:11     | Reached skill level 6 in Ice Magic
 17469 | D:11     | Reached skill level 6 in Air Magic
 17469 | D:11     | Reached skill level 6 in Earth Magic
 17469 | D:11     | Reached skill level 6 in Poison Magic
 17555 | D:11     | Found a runed translucent door.
 17810 | D:11     | Reached skill level 8 in Invocations
 17903 | D:11     | Noticed an ogre mage
 18072 | D:11     | Paralysed by an ogre mage for 4 turns
 18083 | D:11     | Killed an ogre mage
 18084 | D:11     | Reached skill level 10 in Fighting
 18084 | D:11     | Reached skill level 10 in Armour
 18084 | D:11     | Reached skill level 10 in Shields
 18207 | D:11     | Noticed a two-headed ogre
 18261 | Lair:1   | Entered Level 1 of the Lair of Beasts
 19604 | Lair:2   | Reached skill level 9 in Axes
 19882 | Lair:2   | Noticed Fannar
 20051 | D:5      | Bought a scarf of resistance for 416 gold pieces
 20761 | Lair:2   | Reached XP level 13. HP: 55/103 MP: 24/24
 20761 | Lair:2   | Killed Fannar
 21465 | Lair:3   | Reached skill level 8 in Short Blades
 21465 | Lair:3   | Reached skill level 8 in Long Blades
 21465 | Lair:3   | Reached skill level 8 in Maces & Flails
 21465 | Lair:3   | Reached skill level 8 in Polearms
 21465 | Lair:3   | Reached skill level 8 in Staves
 21465 | Lair:3   | Reached skill level 8 in Slings
 21465 | Lair:3   | Reached skill level 8 in Bows
 21465 | Lair:3   | Reached skill level 8 in Crossbows
 21465 | Lair:3   | Reached skill level 8 in Throwing
 21465 | Lair:3   | Reached skill level 8 in Dodging
 21465 | Lair:3   | Reached skill level 8 in Stealth
 21465 | Lair:3   | Reached skill level 8 in Unarmed Combat
 21465 | Lair:3   | Reached skill level 8 in Spellcasting
 21465 | Lair:3   | Reached skill level 8 in Evocations
 21787 | Lair:3   | Noticed Gastronok
 21961 | Lair:3   | Killed Gastronok
 21961 | Lair:3   | Received a gift from Okawaru
 22130 | Lair:3   | Found a corrupted altar of Lugonu.
 22130 | Lair:3   | Found a one-way gate to the infinite horrors of the Abyss.
 22568 | Lair:3   | Identified the +5 hand axe "Iphed" {vorpal, Int+4 SInv}
 22585 | Lair:3   | Found a staircase to the Snake Pit.
 22896 | Lair:3   | Reached skill level 9 in Invocations
 22922 | Lair:2   | Identified the +0 chain mail "Epixta" {Rampage rN+}
                  | (Okawaru gifted it to you on level 2 of the Lair of Beasts)
 22922 | Lair:2   | Received a gift from Okawaru
 23849 | Lair:3   | You add the spells Ignite Poison and Freezing Cloud to your
                  | library.
 24310 | Lair:3   | You fall into a shaft and drop 1 floor!
 24371 | Lair:4   | Reached skill level 7 in Conjurations
 24371 | Lair:4   | Reached skill level 7 in Hexes
 24371 | Lair:4   | Reached skill level 7 in Summonings
 24371 | Lair:4   | Reached skill level 7 in Necromancy
 24371 | Lair:4   | Reached skill level 7 in Translocations
 24371 | Lair:4   | Reached skill level 7 in Transmutations
 24371 | Lair:4   | Reached skill level 7 in Fire Magic
 24371 | Lair:4   | Reached skill level 7 in Ice Magic
 24371 | Lair:4   | Reached skill level 7 in Air Magic
 24371 | Lair:4   | Reached skill level 7 in Earth Magic
 24371 | Lair:4   | Reached skill level 7 in Poison Magic
 24411 | Lair:4   | Found a staircase to the Shoals.
 25788 | Lair:5   | You pick up a book of Burglary and begin reading...
 25788 | Lair:5   | You add the spells Passwall, Ensorcelled Hibernation and
                  | Swiftness to your library.
 26265 | Lair:5   | Found a viscous altar of Jiyva.
 26265 | Lair:5   | Found a staircase to the Slime Pits.
 26477 | Lair:5   | Reached skill level 11 in Fighting
 26477 | Lair:5   | Reached skill level 10 in Axes
 26477 | Lair:5   | Reached skill level 11 in Armour
 26477 | Lair:5   | Reached skill level 11 in Shields
 26683 | Lair:5   | Reached XP level 14. HP: 98/113 MP: 26/26
 26920 | Lair:6   | Entered Level 6 of the Lair of Beasts
 27609 | Lair:6   | Reached skill level 9 in Short Blades
 27609 | Lair:6   | Reached skill level 9 in Long Blades
 27609 | Lair:6   | Reached skill level 9 in Maces & Flails
 27609 | Lair:6   | Reached skill level 9 in Polearms
 27609 | Lair:6   | Reached skill level 9 in Staves
 27609 | Lair:6   | Reached skill level 9 in Slings
 27609 | Lair:6   | Reached skill level 9 in Bows
 27609 | Lair:6   | Reached skill level 9 in Crossbows
 27609 | Lair:6   | Reached skill level 9 in Throwing
 27609 | Lair:6   | Reached skill level 9 in Dodging
 27609 | Lair:6   | Reached skill level 9 in Stealth
 27609 | Lair:6   | Reached skill level 9 in Unarmed Combat
 27609 | Lair:6   | Reached skill level 9 in Spellcasting
 27609 | Lair:6   | Reached skill level 9 in Evocations
 27666 | Lair:6   | Noticed a dire elephant
 27666 | Lair:6   | Noticed a dire elephant
 27667 | Lair:6   | Noticed a dire elephant
 27844 | Lair:5   | Killed a dire elephant
 27880 | Lair:6   | Received a gift from Okawaru
 28036 | Lair:5   | Received a gift from Okawaru
 28385 | Lair:6   | Reached skill level 10 in Invocations
 28640 | Lair:6   | Received a gift from Okawaru
 28982 | Lair:6   | Killed a dire elephant
 30748 | Lair:6   | Killed a dire elephant
 30749 | Lair:6   | Reached skill level 8 in Conjurations
 30749 | Lair:6   | Reached skill level 8 in Hexes
 30749 | Lair:6   | Reached skill level 8 in Summonings
 30749 | Lair:6   | Reached skill level 8 in Necromancy
 30749 | Lair:6   | Reached skill level 8 in Translocations
 30749 | Lair:6   | Reached skill level 8 in Transmutations
 30749 | Lair:6   | Reached skill level 8 in Fire Magic
 30749 | Lair:6   | Reached skill level 8 in Ice Magic
 30749 | Lair:6   | Reached skill level 8 in Air Magic
 30749 | Lair:6   | Reached skill level 8 in Earth Magic
 30749 | Lair:6   | Reached skill level 8 in Poison Magic
 31687 | Lair:6   | You add the spells Alistair's Intoxication, Borgnjor's Vile
                  | Clutch and Eringya's Noxious Bog to your library.
 31741 | Lair:6   | Reached XP level 15. HP: 98/111 MP: 28/28
 32089 | Lair:6   | Identified the +5 chain mail of Hangman {SInv}
 32165 | Lair:6   | magus.rc [v1.9.6]
 32260 | Orc:1    | Entered Level 1 of the Orcish Mines
 32260 | Orc:1    | Noticed Josephine
 32475 | Orc:1    | Killed Josephine
 32659 | Orc:1    | Received a gift from Okawaru
 33930 | Orc:2    | Entered Level 2 of the Orcish Mines
 34616 | Orc:2    | Reached skill level 11 in Axes
 34628 | Orc:2    | Reached skill level 10 in Short Blades
 34628 | Orc:2    | Reached skill level 10 in Long Blades
 34628 | Orc:2    | Reached skill level 10 in Maces & Flails
 34628 | Orc:2    | Reached skill level 10 in Polearms
 34628 | Orc:2    | Reached skill level 10 in Staves
 34628 | Orc:2    | Reached skill level 10 in Slings
 34628 | Orc:2    | Reached skill level 10 in Bows
 34628 | Orc:2    | Reached skill level 10 in Crossbows
 34628 | Orc:2    | Reached skill level 10 in Throwing
 34628 | Orc:2    | Reached skill level 10 in Dodging
 34628 | Orc:2    | Reached skill level 10 in Stealth
 34628 | Orc:2    | Reached skill level 10 in Unarmed Combat
 34628 | Orc:2    | Reached skill level 10 in Spellcasting
 34628 | Orc:2    | Reached skill level 10 in Evocations
 34958 | Orc:2    | Found Soylluc's Antique Armour Boutique.
 34959 | Orc:2    | Found Laeqoezu's Antique Weapon Shop.
 35065 | Orc:2    | Found Qisexkoi's Antique Weapon Emporium.
 35214 | Orc:2    | Bought a slimy war axe for 246 gold pieces
 35214 | Orc:2    | Identified the +5 war axe of Zimaor {flame, Will+ Stlth+}
                  | (You bought it in a shop on level 2 of the Orcish Mines)
 35337 | Orc:2    | Found a staircase to the Elven Halls.
 35478 | Orc:2    | Noticed Saint Roka
 36458 | Orc:2    | Killed Saint Roka
 36459 | Orc:2    | Reached skill level 12 in Fighting
 36459 | Orc:2    | Reached skill level 12 in Armour
 36459 | Orc:2    | Reached skill level 12 in Shields
 36459 | Orc:2    | Reached skill level 11 in Invocations
 37033 | Orc:2    | Found Gekuj's Distillery.
 37039 | Orc:2    | Bought a potion of heal wounds for 80 gold pieces
 37039 | Orc:2    | Bought a potion of heal wounds for 80 gold pieces
 37163 | Orc:2    | Learned a level 3 spell: Mephitic Cloud
 37167 | Orc:2    | Learned a level 3 spell: Ignite Poison
 39117 | D:13     | Received a gift from Okawaru
 39161 | D:13     | You add the spells Passage of Golubria and Yara's Violent
                  | Unravelling to your library.
 39242 | D:13     | You pick up a book of Hexes and begin reading...
 39242 | D:13     | You add the spells Cause Fear and Discord to your library.
 39692 | D:13     | Received a gift from Okawaru
 39944 | D:13     | Identified a scroll of acquirement
 39945 | D:13     | Acquired 1078 gold pieces
 40743 | D:14     | Found Quyzicergh's Island Escapes.
 40903 | D:14     | Received a gift from Okawaru
 41004 | D:14     | Found a gate to the Vaults.
 41052 | D:14     | Reached XP level 16. HP: 48/128 MP: 30/30
 41490 | D:14     | Identified the +0 leather armour of Jox Noru {Dex+2 Slay+5}
 41904 | D:15     | Entered Level 15 of the Dungeon
 41948 | D:15     | Found a shimmering altar of Xom.
 41972 | D:15     | Found a staircase to the Depths.
 41972 | D:15     | Noticed Roxanne
 42000 | D:15     | Reached skill level 9 in Conjurations
 42000 | D:15     | Reached skill level 9 in Hexes
 42000 | D:15     | Reached skill level 9 in Summonings
 42000 | D:15     | Reached skill level 9 in Necromancy
 42000 | D:15     | Reached skill level 9 in Translocations
 42000 | D:15     | Reached skill level 9 in Transmutations
 42000 | D:15     | Reached skill level 9 in Fire Magic
 42000 | D:15     | Reached skill level 9 in Ice Magic
 42000 | D:15     | Reached skill level 9 in Air Magic
 42000 | D:15     | Reached skill level 9 in Earth Magic
 42000 | D:15     | Reached skill level 9 in Poison Magic
 42771 | D:15     | Identified the +6 plate armour "Missoy" {rN+} (Okawaru
                  | gifted it to you on level 15 of the Dungeon)
 42771 | D:15     | Received a gift from Okawaru
 43303 | D:15     | Found a portal to a secret trove of treasure.
 43306 | D:15     | Noticed Jorgrun
 43387 | D:15     | This trove needs 14 potions of heal wounds to function.
                  | Give it the items?
 43688 | D:15     | Killed Jorgrun
 43689 | D:15     | Reached skill level 11 in Short Blades
 43689 | D:15     | Reached skill level 11 in Long Blades
 43689 | D:15     | Reached skill level 11 in Maces & Flails
 43689 | D:15     | Reached skill level 11 in Polearms
 43689 | D:15     | Reached skill level 11 in Staves
 43689 | D:15     | Reached skill level 11 in Slings
 43689 | D:15     | Reached skill level 11 in Bows
 43689 | D:15     | Reached skill level 11 in Crossbows
 43689 | D:15     | Reached skill level 11 in Throwing
 43689 | D:15     | Reached skill level 11 in Dodging
 43689 | D:15     | Reached skill level 11 in Stealth
 43689 | D:15     | Reached skill level 11 in Unarmed Combat
 43689 | D:15     | Reached skill level 11 in Spellcasting
 43689 | D:15     | Reached skill level 11 in Evocations
 44624 | D:15     | Learned a level 5 spell: Silence
 44861 | D:15     | Killed Roxanne
 44862 | D:15     | Reached skill level 12 in Invocations
 44863 | D:15     | You pick up a book of Sloth and begin reading...
 44863 | D:15     | You add the spells Petrify, Metabolic Englaciation and
                  | Statue Form to your library.
 45077 | Snake:1  | Entered Level 1 of the Snake Pit
 45527 | Snake:2  | You add the spells Gell's Gravitas, Teleport Other and
                  | Dispersal to your library.
 45988 | D:3      | Bought the ring of the Good {rElec rPois Int+4} for 508
                  | gold pieces
 45988 | D:3      | Bought the ring of the Jumping Thickets {rF+ Int+2 SInv
                  | Stlth+} for 518 gold pieces
 45988 | D:3      | Bought the ring "Wavuat" {Contam Will+ Str+6 Dex+3} for 861
                  | gold pieces
 46232 | Snake:1  | Noticed Aizul
 46273 | Snake:1  | Killed Aizul
 46274 | Snake:1  | Reached skill level 12 in Axes
 47654 | Snake:1  | Found a transporter.
 47999 | Snake:1  | Found a transporter.
 48173 | Snake:1  | Received a gift from Okawaru
 48931 | Snake:2  | Noticed a nagaraja
 49476 | Snake:1  | Received a gift from Okawaru
 49627 | Snake:1  | Killed a nagaraja
 49628 | Snake:1  | Reached skill level 13 in Fighting
 49628 | Snake:1  | Reached skill level 13 in Armour
 49628 | Snake:1  | Reached skill level 13 in Shields
 49926 | Snake:2  | Reached XP level 17. HP: 117/136 MP: 32/32
 50057 | Snake:2  | Identified a potion of experience
 50058 | Snake:2  | Reached XP level 18. HP: 143/143 MP: 33/33
 50693 | Snake:2  | Found Idghusoq's Antique Weapon Shoppe.
 51432 | Snake:2  | Found Kuecemis's Distillery.
 51432 | Snake:2  | Found Qafra's Armour Emporium.
 51435 | Snake:2  | Found Tilauc's Armour Emporium.
 52250 | Snake:3  | Found Jomucvust's General Store.
 52947 | Snake:3  | Found Baript's Jewellery Shop.
 53782 | Snake:3  | Found Vemikhel's General Store.
 53993 | Snake:3  | Found Lettery's Assorted Antiques.
 54105 | Snake:3  | Found Cunk's General Store.
 54129 | Snake:3  | Received a gift from Okawaru
 54130 | Snake:3  | Reached skill level 10 in Conjurations
 54130 | Snake:3  | Reached skill level 10 in Hexes
 54130 | Snake:3  | Reached skill level 10 in Summonings
 54130 | Snake:3  | Reached skill level 10 in Necromancy
 54130 | Snake:3  | Reached skill level 10 in Translocations
 54130 | Snake:3  | Reached skill level 10 in Transmutations
 54130 | Snake:3  | Reached skill level 10 in Fire Magic
 54130 | Snake:3  | Reached skill level 10 in Ice Magic
 54130 | Snake:3  | Reached skill level 10 in Air Magic
 54130 | Snake:3  | Reached skill level 10 in Earth Magic
 54130 | Snake:3  | Reached skill level 10 in Poison Magic
 55383 | Snake:4  | Entered Level 4 of the Snake Pit
 55568 | Snake:4  | Found a runed translucent door.
 55568 | Snake:4  | Noticed Ousak's ghost (adept OpTm)
 55688 | Snake:4  | Received a gift from Okawaru
 56108 | Snake:4  | Reached skill level 13 in Invocations
 56111 | Snake:4  | magus.rc [v1.9.6]
 56385 | Snake:3  | Reached skill level 12 in Short Blades
 56385 | Snake:3  | Reached skill level 12 in Long Blades
 56385 | Snake:3  | Reached skill level 12 in Maces & Flails
 56385 | Snake:3  | Reached skill level 12 in Polearms
 56385 | Snake:3  | Reached skill level 12 in Staves
 56385 | Snake:3  | Reached skill level 12 in Slings
 56385 | Snake:3  | Reached skill level 12 in Bows
 56385 | Snake:3  | Reached skill level 12 in Crossbows
 56385 | Snake:3  | Reached skill level 12 in Throwing
 56385 | Snake:3  | Reached skill level 12 in Dodging
 56385 | Snake:3  | Reached skill level 12 in Stealth
 56385 | Snake:3  | Reached skill level 12 in Unarmed Combat
 56385 | Snake:3  | Reached skill level 12 in Spellcasting
 56385 | Snake:3  | Reached skill level 12 in Evocations
 57209 | Snake:4  | Received a gift from Okawaru
 57790 | Snake:4  | Noticed Agnes
 57815 | Snake:4  | Killed Agnes
 59060 | Snake:4  | Reached skill level 13 in Axes
 60277 | Snake:4  | HP: 30/145 [naga warrior (14)]
 60283 | Snake:4  | HP: 21/145 [constriction (6)]
 60291 | Snake:4  | HP: 33/145 [asphyx]
 60296 | Snake:4  | HP: 19/145 [poisoned by naga warrior (concentrated venom)]
 60848 | Snake:3  | Received a gift from Okawaru
 61424 | Snake:4  | Reached XP level 19. HP: 46/151 MP: 35/35
 61797 | Snake:4  | Received a gift from Okawaru
 62190 | Snake:4  | Got a serpentine rune of Zot
 62690 | Snake:4  | Found Jecuhaxt's Firing Range.
 62976 | Snake:4  | Killed Ousak's ghost
 63185 | Orc:2    | Bought a translucent mace for 232 gold pieces
 63185 | Orc:2    | Identified the +3 mace of Pyum {spect, SInv} (You bought it
                  | in a shop on level 2 of the Orcish Mines)
 63211 | Orc:2    | Learned a level 6 spell: Eringya's Noxious Bog
 63563 | Shoals:1 | Entered Level 1 of the Shoals
 63578 | Shoals:1 | Found a frozen archway.
 63603 | Shoals:1 | HP: 33/151 [anaconda simulacrum (5)]
 63608 | Shoals:1 | HP: 33/151 [minotaur simulacrum (1)]
 63983 | IceCv    | Entered an ice cave
 64596 | IceCv    | HP: 29/151 [caustic shrike simulacrum (15)]
 65189 | IceCv    | Reached skill level 14 in Fighting
 65189 | IceCv    | Reached skill level 14 in Armour
 65189 | IceCv    | Reached skill level 14 in Shields
 65693 | IceCv    | Found the +3 pair of seven-league boots {Rampage+∞}
 65732 | IceCv    | Noticed an Ice Fiend
 65741 | IceCv    | Killed an Ice Fiend
 65868 | IceCv    | Identified a +1 crystal plate armour of cold resistance
 65869 | IceCv    | m - a +1 crystal plate armour of cold resistance {rare=g}
 65877 | IceCv    | You pick up a book of the Tundra and begin reading...
 65877 | IceCv    | You add the spells Hailstorm and Ice Form to your library.
 66230 | Shoals:1 | You drop a +1 crystal plate armour of cold resistance
                  | {rare=g}.
 66263 | Shoals:2 | Noticed Nikola
 66283 | Shoals:2 | Killed Nikola
 66390 | Shoals:1 | Could not pick up a +1 crystal plate armour of cold
                  | resistance {rare=g} here; ([A]lways) ignore it?
 66390 | Shoals:1 | Could not pick up a +1 crystal plate armour of cold
                  | resistance {rare=g} here; ([A]lways) ignore it?
 66390 | Shoals:1 | Could not pick up a +1 crystal plate armour of cold
                  | resistance {rare=g} here; ([A]lways) ignore it?
 66390 | Shoals:1 | Could not pick up a +1 crystal plate armour of cold
                  | resistance {rare=g} here; ([A]lways) ignore it?
 66390 | Shoals:1 | Could not pick up a +1 crystal plate armour of cold
                  | resistance {rare=g} here; ([A]lways) ignore it?
 66390 | Shoals:1 | Could not pick up a +1 crystal plate armour of cold
                  | resistance {rare=g} here; ([A]lways) ignore it?
 66390 | Shoals:1 | Could not pick up a +1 crystal plate armour of cold
                  | resistance {rare=g} here; ([A]lways) ignore it?
 66390 | Shoals:1 | Could not pick up a +1 crystal plate armour of cold
                  | resistance {rare=g} here; ([A]lways) ignore it?
 66391 | Shoals:1 | O - a +1 crystal plate armour of cold resistance {rare=g}
 66459 | Shoals:1 | You pick up a book of Spatial Translocations and begin
                  | reading...
 66459 | Shoals:1 | You add the spells Blink, Lesser Beckoning and Manifold
                  | Assault to your library.
 66665 | Shoals:2 | Noticed Kirke
 66734 | Shoals:2 | Killed Kirke
 67876 | Shoals:2 | Noticed Polyphemus
 67957 | Shoals:2 | HP: 33/152 [death yak[Polyphemus] (8)]
 68420 | Shoals:2 | Learned a level 6 spell: Statue Form
 68506 | Shoals:2 | You drop a +1 crystal plate armour of cold resistance
                  | {rare=g}.
 68513 | Shoals:2 | Could not pick up a +1 crystal plate armour of cold
                  | resistance {rare=g} here; ([A]lways) ignore it?
 68513 | Shoals:2 | Could not pick up a +1 crystal plate armour of cold
                  | resistance {rare=g} here; ([A]lways) ignore it?
 68513 | Shoals:2 | Could not pick up a +1 crystal plate armour of cold
                  | resistance {rare=g} here; ([A]lways) ignore it?
 68513 | Shoals:2 | Could not pick up a +1 crystal plate armour of cold
                  | resistance {rare=g} here; ([A]lways) ignore it?
 68513 | Shoals:2 | Could not pick up a +1 crystal plate armour of cold
                  | resistance {rare=g} here; ([A]lways) ignore it?
 68514 | Shoals:2 | w - a +1 crystal plate armour of cold resistance {rare=g}
 68594 | Shoals:2 | Killed Polyphemus
 68594 | Shoals:2 | Received a gift from Okawaru
 69367 | Shoals:3 | You drop a +1 crystal plate armour of cold resistance
                  | {rare=g}.
 69368 | Shoals:3 | w - a +1 crystal plate armour of cold resistance {rare=g}
 69769 | Shoals:4 | Entered Level 4 of the Shoals
 69778 | Shoals:4 | Reached skill level 14 in Invocations
 69992 | Shoals:4 | Reached skill level 11 in Conjurations
 69992 | Shoals:4 | Reached skill level 11 in Hexes
 69992 | Shoals:4 | Reached skill level 11 in Summonings
 69992 | Shoals:4 | Reached skill level 11 in Necromancy
 69992 | Shoals:4 | Reached skill level 11 in Translocations
 69992 | Shoals:4 | Reached skill level 11 in Transmutations
 69992 | Shoals:4 | Reached skill level 11 in Fire Magic
 69992 | Shoals:4 | Reached skill level 11 in Ice Magic
 69992 | Shoals:4 | Reached skill level 11 in Air Magic
 69992 | Shoals:4 | Reached skill level 11 in Earth Magic
 69992 | Shoals:4 | Reached skill level 11 in Poison Magic
 70064 | Shoals:4 | Found a gateway to a bazaar.
 70088 | Bazaar   | Entered a bazaar
 70158 | Bazaar   | Found Rasol's Armour Shoppe.
 70174 | Bazaar   | Found Xame Tev's General Store.
 70190 | Bazaar   | Found Jauhunon's Antique Weapon Shoppe.
 70190 | Bazaar   | Found Rapniw Ini's Magic Scroll Emporium.
 70239 | Bazaar   | Bought a scroll of enchant armour for 75 gold pieces
 70276 | Bazaar   | Bought a scroll of acquirement for 520 gold pieces
 70276 | Bazaar   | Acquired the Incunabulum of the Feathery Frostbite
 70277 | Bazaar   | You add the spells Static Discharge, Ozocubu's Armour,
                  | Storm Form and Maxwell's Capacitive Coupling to your
                  | library.
 70446 | Shoals:4 | Reached skill level 13 in Short Blades
 70446 | Shoals:4 | Reached skill level 13 in Long Blades
 70446 | Shoals:4 | Reached skill level 13 in Maces & Flails
 70446 | Shoals:4 | Reached skill level 13 in Polearms
 70446 | Shoals:4 | Reached skill level 13 in Staves
 70446 | Shoals:4 | Reached skill level 13 in Slings
 70446 | Shoals:4 | Reached skill level 13 in Bows
 70446 | Shoals:4 | Reached skill level 13 in Crossbows
 70446 | Shoals:4 | Reached skill level 13 in Throwing
 70446 | Shoals:4 | Reached skill level 13 in Dodging
 70446 | Shoals:4 | Reached skill level 13 in Stealth
 70446 | Shoals:4 | Reached skill level 13 in Unarmed Combat
 70446 | Shoals:4 | Reached skill level 13 in Spellcasting
 70446 | Shoals:4 | Reached skill level 13 in Evocations
 70915 | Shoals:4 | You pick up a book of Air and begin reading...
 70926 | Shoals:4 | You pick up a book of the Tundra and begin reading...
 70932 | Shoals:4 | Received a gift from Okawaru
 71354 | Shoals:4 | a merfolk comes into view. It is wielding a +1 falchion of
                  | draining and wearing the macabre finger necklace {rN+}.
 71588 | Shoals:4 | Reached XP level 20. HP: 117/160 MP: 24/37
 72531 | Shoals:4 | Got a barnacled rune of Zot
 72816 | Elf:1    | Entered Level 1 of the Elven Halls
 72819 | Elf:1    | Received a gift from Okawaru
 72850 | Elf:1    | Found Bisomeap's Armour Boutique.
 72962 | Elf:1    | Found a shimmering blue altar of Sif Muna.
 73089 | Elf:1    | Reached skill level 14 in Axes
 73092 | Elf:1    | Identified the +4 ring mail of Ipis App {rN+ Dex+2}
                  | (Okawaru gifted it to you on level 1 of the Elven Halls)
 73092 | Elf:1    | Received a gift from Okawaru
 73195 | Elf:1    | You pick up a book of the Wilderness and begin reading...
 73198 | Elf:1    | Identified the amulet of Balance {RegenMP Drain rElec Will+
                  | Slay+3}
 73234 | Elf:1    | You pick up a book of Necromancy and begin reading...
 73234 | Elf:1    | You add the spells Pain and Vampiric Draining to your
                  | library.
 73303 | Elf:1    | You add the spells Sting, Poisonous Vapours and Olgreb's
                  | Toxic Radiance to your library.
 73693 | Snake:3  | Bought the ring "Mexzil" {Wiz Int+4} for 817 gold pieces
 73706 | Snake:3  | Learned a level 7 spell: Storm Form
 74172 | Elf:1    | You pick up a book of Weapons and begin reading...
 74172 | Elf:1    | You add the spells Portal Projectile and Excruciating
                  | Wounds to your library.
 75010 | Elf:2    | Found Qistel Umoph's One-of-a-Kind Rings.
 75161 | Elf:2    | Found a runed translucent gate.
 75161 | Elf:2    | Found a runed translucent gate.
 75161 | Elf:2    | Found a runed translucent gate.
 75302 | Elf:2    | Noticed Azrael
 75662 | Elf:2    | Killed Azrael
 75985 | Elf:2    | HP: 37/161 [+6 vampiric scimitar (11)]
 76328 | Elf:2    | J - a +1 eveningstar of electrocution {macerare=g}
 76529 | Elf:2    | You are cast into the Abyss!
 76529 | Elf:2    | Cast into level 3 of the Abyss (+2 battleaxe of distortion)
 76635 | Abyss:3  | Noticed a bone dragon
 76745 | Abyss:3  | HP: 39/161 [tentacled starspawn (9)]
 76762 | Abyss:3  | Found a corrupted altar of Lugonu.
 76975 | Elf:2    | You pass through the gate.
 76975 | Elf:2    | Escaped the Abyss
 77169 | Elf:3    | Entered Level 3 of the Elven Halls
 77246 | Elf:3    | You pick up a book of the Senses and begin reading...
 77296 | Elf:3    | Reached skill level 15 in Fighting
 77296 | Elf:3    | Reached skill level 15 in Armour
 77296 | Elf:3    | Reached skill level 15 in Shields
 77742 | Elf:3    | You pick up a book of Callings and begin reading...
 77782 | Elf:3    | Received a gift from Okawaru
 77910 | Elf:3    | Reached skill level 12 in Summonings
 78204 | Elf:3    | Noticed a Tzitzimitl
 78214 | Elf:3    | Identified the +1 chain mail "Emydyrew" {rF+ Int+3}
 78497 | Elf:3    | HP: 39/162 [deep elf master archer/arrow (5)]
 79173 | Elf:3    | Identified the ring of Turinahu {rN+ Dex+4}
 79288 | Elf:3    | Reached XP level 21. HP: 160/168 MP: 38/38
 79736 | Elf:2    | Reached skill level 15 in Invocations
 79762 | Elf:3    | Identified the ring of Megalomania {Will+ EV+4}
 80043 | Elf:3    | Identified the +6 hunting sling of Perversion {speed, rPois
                  | rF+ Stlth-} (Okawaru gifted it to you on level 3 of the
                  | Elven Halls)
 80043 | Elf:3    | Received a gift from Okawaru
 80272 | Elf:3    | Identified the +4 hand axe "Opes" {vorpal, rC+ Will+}
 80976 | Elf:2    | Learned a level 5 spell: Manifold Assault
 81382 | Elf:3    | You pick up a book of Conjurations {@e2} and begin
                  | reading...
 81386 | Elf:3    | You pick up a book of the Tundra and begin reading...
 81391 | Elf:3    | You pick up a book of Displacement and begin reading...
 81428 | Elf:3    | Identified the +0 cloak of Paptoot {Regen+ rCorr Dex-4}
 81454 | Elf:3    | You pick up a book of Weapons and begin reading...
 81665 | Elf:3    | Learned a level 3 spell: Ozocubu's Armour
 81895 | Depths:1 | Entered Level 1 of the Depths
 81942 | Depths:1 | Reached skill level 14 in Short Blades
 81942 | Depths:1 | Reached skill level 14 in Long Blades
 81942 | Depths:1 | Reached skill level 14 in Maces & Flails
 81942 | Depths:1 | Reached skill level 14 in Polearms
 81942 | Depths:1 | Reached skill level 14 in Staves
 81942 | Depths:1 | Reached skill level 14 in Slings
 81942 | Depths:1 | Reached skill level 14 in Bows
 81942 | Depths:1 | Reached skill level 14 in Crossbows
 81942 | Depths:1 | Reached skill level 14 in Throwing
 81942 | Depths:1 | Reached skill level 14 in Dodging
 81942 | Depths:1 | Reached skill level 14 in Stealth
 81942 | Depths:1 | Reached skill level 14 in Unarmed Combat
 81942 | Depths:1 | Reached skill level 14 in Spellcasting
 81942 | Depths:1 | Reached skill level 14 in Evocations
 82113 | Depths:1 | magus.rc [v1.9.6]
 82854 | Depths:1 | Received a gift from Okawaru
 82881 | Depths:1 | Reached skill level 12 in Conjurations
 82881 | Depths:1 | Reached skill level 12 in Hexes
 82881 | Depths:1 | Reached skill level 12 in Necromancy
 82881 | Depths:1 | Reached skill level 12 in Translocations
 82881 | Depths:1 | Reached skill level 12 in Transmutations
 82881 | Depths:1 | Reached skill level 12 in Fire Magic
 82881 | Depths:1 | Reached skill level 12 in Ice Magic
 82881 | Depths:1 | Reached skill level 12 in Air Magic
 82881 | Depths:1 | Reached skill level 12 in Earth Magic
 82881 | Depths:1 | Reached skill level 12 in Poison Magic
 83445 | D:15     | Received a gift from Okawaru
 84030 | Depths:1 | Found a gateway to Hell.
 84509 | Depths:1 | Received a gift from Okawaru
 84512 | Depths:1 | a +4 quick blade {shortrare=g}; a +2 robe of willpower; a
                  | +0 buckler
 84821 | Depths:2 | Received a gift from Okawaru
 84840 | Depths:2 | Reached skill level 13 in Summonings
 84935 | Depths:2 | Reached skill level 15 in Axes
 84949 | Depths:2 | Received a gift from Okawaru
 85101 | Depths:3 | Reached ****** piety under Okawaru
 85154 | Depths:3 | You pick up a book of the Sky and begin reading...
 85191 | Depths:3 | Received a gift from Okawaru
 85196 | Depths:3 | HP: 48/221 [spriggan rider (18)]
 85201 | Depths:3 | HP: 45/221 [spriggan rider (7)]
 85528 | Depths:3 | Received a gift from Okawaru
 85534 | Depths:3 | Reached XP level 22. HP: 176/177 MP: 38/40
 85629 | Depths:3 | HP: 51/230 [stone giant/large rock (28)]
 85827 | Depths:3 | HP: 57/230 [deep troll shaman (2)]
 85834 | Depths:3 | HP: 53/230 [deep troll shaman (7)]
 85963 | Depths:3 | Noticed Sojobo
 85983 | Depths:3 | HP: 41/230 [living spell/iceblast[a walking frostbound
                  | tome] (40)]
 85983 | Depths:3 | HP: 7/230 [living spell/iceblast[a walking frostbound tome]
                  | (34)]
 86399 | Depths:3 | HP: 54/230 [Sojobo/the air (17)]
 86410 | Depths:3 | HP: 22/173 [air elemental/stunning burst[Sojobo] (4)]
 86411 | Depths:3 | Paralysed by an air elemental for 1 turns
 86412 | Depths:3 | Slain by a spark wasp

Vanquished Creatures
  Saint Roka (Orc:2)
  Nikola (Shoals:2)
  Jorgrun (D:15)
  An Ice Fiend (IceCv)
  A lich (D:15)
  A walking frostbound tome (Depths:3)
  3 deep elf blademasters (Elf:2)
  3 deep elf master archers (Elf:3)
  Polyphemus (Shoals:2)
  Kirke (Shoals:2)
  A kraken (Shoals:4)
  Gastronok (Lair:3)
  A tentacled starspawn (Abyss:3)
  The ghost of Ousak the Spry, an adept OpTm of Ru (Snake:4)
  Roxanne (D:15)
  Agnes (Snake:4)
  8 nagarajas
  2 fire giants (Depths:2)
  A frost giant (Depths:3)
  5 deep elf sorcerers (Elf:3)
  Aizul (Snake:1)
  2 deep elf elementalists
  4 spriggan defenders
  5 stone giants
  A caustic shrike skeleton (D:15)
  12 very ugly things
  2 vampire knights
  6 deep elf demonologists
  3 dire elephants
  Azrael (Elf:2)
  6 deep elf annihilators (Elf:3)
  Josephine (Orc:1)
  A deep elf death mage (Elf:3)
  5 merfolk impalers
  2 ettins
  4 merfolk javelineers (Shoals:4)
  A fire dragon (Depths:1)
  A mummy priest (Elf:1)
  A spriggan zombie (Depths:3)
  5 rakshasas
  2 great orbs of eyes
  2 vault guards (Bailey)
  Fannar (Lair:2)
  4 ice dragons
  A hydra (shapeshifter) (Depths:1)
  14 naga warriors
  6 deep elf high priests
  3 ogre magi
  8 boulder beetles
  2 salamander tyrants
  2 spriggan air magi
  8 hydras
  3 merfolk avatars
  2 caustic shrike simulacra
  5 centaur warriors
  An alligator snapping turtle (Shoals:4)
  A catoblepas (Shoals:2)
  10 anacondas
  3 deep troll shamans (Depths:3)
  13 two-headed ogres
  20 dancing weapons
  7 merfolk aquamancers
  8 death yaks
  2 vampire magi
  3 tengu warriors
  9 spriggans
  4 orc high priests
  A titan zombie (D:15)
  6 shock serpents
  12 naga sharpshooters
  11 deep elf knights
  5 skeletal warriors
  6 spriggan berserkers
  A storm dragon zombie (Depths:3)
  2 sun demons (Depths:1)
  A titan skeleton (Depths:3)
  4 hell knights (Depths:3)
  3 soul eaters (Depths:1)
  4 spectral death yaks (Lair:6)
  A golden dragon zombie (Depths:3)
  A sixfirhy (Abyss:3)
  3 salamander mystics
  7 sea snakes
  A spectral anaconda (Lair:6)
  2 shadow demons (Elf:1)
  3 deep trolls (Depths:3)
  8 naga ritualists
  A glowing orange brain (Depths:3)
  A bog body (IceCv)
  5 spriggan simulacra (IceCv)
  25 harpies
  7 deep elf archers
  2 wizards
  A lindwurm (Lair:3)
  Pikel (D:4)
  2 phantasmal warriors
  10 necromancers
  An obsidian statue (IceCv)
  A stone giant zombie (D:15)
  15 mana vipers
  20 deep elf zephyrmancers
  22 deep elf pyromancers
  5 orc knights
  28 ugly things
  A wolf spider (Lair:3)
  5 orc sorcerers
  10 salamanders
  11 manticores
  4 fauns (Shoals:2)
  4 cyclopes
  A salamander (shapeshifter) (Elf:2)
  An iron dragon skeleton (Depths:3)
  16 elephants
  6 water nymphs
  A torpor snail (shapeshifter) (Depths:2)
  35 black mambas
  2 guardian serpents
  5 merfolk sirens
  23 naga magi
  A guardian serpent (shapeshifter) (D:14)
  7 smoke demons (Depths:1)
  A dire elephant zombie (Lair:6)
  14 cane toads
  3 gargoyles
  7 komodo dragons
  2 kobold demonologists (Elf:1)
  4 freezing wraiths (IceCv)
  2 unseen horrors
  8 entropy weaver simulacra
  7 yaktaurs
  3 anaconda simulacra (Shoals:1)
  3 rime drakes
  2 efreet
  5 ice devils (IceCv)
  A tengu conjurer (Depths:2)
  2 guardian mummies (D:15)
  21 merfolk
  2 golden dragon simulacra (IceCv)
  6 polar bears
  A queen bee (Lair:2)
  5 trolls
  8 blink frogs
  Prince Ribbit (Bailey)
  6 wind drakes
  3 spectral elephants (Lair:6)
  9 hornets
  A hornet (shapeshifter) (D:14)
  2 small abominations (Abyss:3)
  11 dream sheep (Lair:5)
  3 large abominations (Abyss:3)
  A vampire (D:12)
  4 snapping turtles
  4 flying skulls (Abyss:3)
  An air elemental (Elf:1)
  4 shadows
  A centaur simulacrum (D:12)
  3 hogs
  8 wraiths
  6 wyverns
  2 fire elementals
  7 basilisks
  2 dire elephant simulacra (Lair:6)
  15 water elementals
  31 yaks
  4 humans (Bailey)
  9 vampire mosquitoes (D:12)
  A death yak simulacrum (Lair:6)
  3 harpy simulacra
  3 wargs
  Menkaure (D:6)
  2 spectral cane toads (Lair:6)
  39 nagas
  Edmund (D:4)
  11 minotaur simulacra
  2 hydra simulacra (IceCv)
  2 acid dragons
  13 water moccasins
  3 hell hounds (Elf:2)
  A sky beast (D:5)
  36 orc warriors
  3 alligator simulacra (IceCv)
  An ettin simulacrum (IceCv)
  5 black bears
  4 elephant zombies (Lair:6)
  2 ice beasts
  2 boggarts (Elf:1)
  3 necrophages
  15 centaurs
  11 ogres
  24 wolves
  2 phantoms
  5 elephant skeletons (Lair:6)
  A gnoll sergeant (D:11)
  2 kobold brigands
  17 bullfrogs
  6 deep troll simulacra (IceCv)
  2 earth elementals
  A water moccasin zombie (D:5)
  A cane toad simulacrum (Lair:6)
  A water moccasin skeleton (D:7)
  A tengu zombie (D:15)
  2 elephant simulacra (Lair:6)
  35 killer bees
  4 lindwurm simulacra (IceCv)
  2 jellies
  3 howler monkeys
  5 wights
  A bullfrog zombie (D:7)
  A hound (D:6)
  5 centaur zombies
  27 orc priests
  A bullfrog skeleton (D:7)
  2 gnoll shamans
  5 centaur skeletons
  41 orc wizards
  Natasha (thrice) (D:3)
  3 iguanas
  A hound skeleton (D:5)
  A howler monkey zombie (D:8)
  25 gnolls
  21 adders
  A river rat (D:4)
  2 shadow imps
  An ufetubus (Abyss:3)
  An adder skeleton (D:5)
  2 worms
  A dart slug (D:2)
  141 orcs
  8 bats
  9 endoplasms
  4 giant cockroaches
  7 goblins
  6 hobgoblins
  A jackal (Sewer)
  3 quokkas (D:1)
  9 ball pythons
  3 frilled lizards
  9 kobolds
  7 rats
  A fungus (Lair:6)
  A lurking horror (Lair:3)
  A starspawn tentacle (Abyss:3)
  A tentacle (Shoals:4)
1485 creatures vanquished.

Vanquished Creatures (others)
  A deep elf knight (Elf:3)
  A deep elf pyromancer (Elf:3)
  An orc warrior (D:7)
  An orc wizard (D:5)
  A gnoll (D:7)
  2 bushes (Depths:1)
  85 fungi
  A lurking horror (Lair:3)
  248 plants
  16 starspawn tentacles (Abyss:3)
  37 tentacles (Shoals:4)
  5 toadstools (Depths:1)
  33 withered plants
432 creatures vanquished.

Grand Total: 1917 creatures vanquished

Table legend:
 A = Non-vault XP
 B = Vault XP
 C = Vault XP percentage of total XP
 D = Non-vault monster count
 E = Vault monster count
 F = Vault count percentage of total count
                 A         B        C        D         E       F
            +---------+---------+-------+---------+---------+-------
      Total |  331815 |  218842 |  39.7 |     941 |     544 |  36.6
            +---------+---------+-------+---------+---------+-------
        D:1 |      45 |       0 |   0.0 |      26 |       0 |   0.0
        D:2 |      44 |      71 |  61.7 |      13 |       9 |  40.9
        D:3 |     243 |      46 |  15.9 |      21 |       7 |  25.0
        D:4 |     237 |     808 |  77.3 |      24 |       6 |  20.0
        D:5 |     972 |       0 |   0.0 |      28 |       0 |   0.0
        D:6 |     627 |     165 |  20.8 |      32 |       1 |   3.0
        D:7 |    1073 |       0 |   0.0 |      22 |       0 |   0.0
        D:8 |    1668 |     747 |  30.9 |      17 |       8 |  32.0
        D:9 |    2742 |       0 |   0.0 |      19 |       0 |   0.0
       D:10 |    3245 |    2754 |  45.9 |      28 |      26 |  48.1
       D:11 |    6364 |    8703 |  57.8 |      25 |      19 |  43.2
       D:12 |    6042 |       0 |   0.0 |      23 |       0 |   0.0
       D:13 |    4806 |       0 |   0.0 |       8 |       0 |   0.0
       D:14 |    3736 |    7264 |  66.0 |       8 |      18 |  69.2
       D:15 |   24136 |    7900 |  24.7 |      51 |      11 |  17.7
     Lair:1 |    2957 |       0 |   0.0 |      12 |       0 |   0.0
     Lair:2 |    2675 |    2868 |  51.7 |      13 |      14 |  51.9
     Lair:3 |    3835 |    5015 |  56.7 |       9 |      34 |  79.1
     Lair:4 |    4536 |     442 |   8.9 |      20 |       4 |  16.7
     Lair:5 |   10059 |    2272 |  18.4 |      39 |       9 |  18.8
     Lair:6 |   11492 |   16092 |  58.3 |      33 |      41 |  55.4
   Shoals:1 |    3897 |    2604 |  40.1 |       7 |      10 |  58.8
   Shoals:2 |   10392 |    9800 |  48.5 |      22 |       9 |  29.0
   Shoals:3 |   12372 |       0 |   0.0 |      26 |       0 |   0.0
   Shoals:4 |   14984 |   20584 |  57.9 |      34 |      31 |  47.7
    Snake:1 |   19569 |    3648 |  15.7 |      39 |       5 |  11.4
    Snake:2 |   10703 |     635 |   5.6 |      19 |       2 |   9.5
    Snake:3 |   25130 |    5766 |  18.7 |      47 |       7 |  13.0
    Snake:4 |   17922 |   18838 |  51.2 |      37 |      25 |  40.3
      Orc:1 |    2675 |    2340 |  46.7 |      30 |      22 |  42.3
      Orc:2 |    1313 |    8333 |  86.4 |      24 |      57 |  70.4
      Elf:1 |    6893 |   13295 |  65.9 |      10 |      22 |  68.8
      Elf:2 |   13370 |   25166 |  65.3 |      22 |      34 |  60.7
      Elf:3 |   13165 |   25428 |  65.9 |      22 |      24 |  52.2
   Depths:1 |   31177 |    6983 |  18.3 |      46 |      12 |  20.7
   Depths:2 |   18658 |       0 |   0.0 |      25 |       0 |   0.0
   Depths:3 |   38061 |       0 |   0.0 |      48 |       0 |   0.0
    Abyss:3 |       0 |       0 |   N/A |      12 |       0 |   0.0
      Sewer |       0 |     155 | 100.0 |       0 |       2 | 100.0
     Bailey |       0 |    3585 | 100.0 |       0 |      22 | 100.0
      IceCv |       0 |   16535 | 100.0 |       0 |      53 | 100.0
            +---------+---------+-------+---------+---------+-------

Illustrated notes

Table legend:
 A = Kills in this place as a percentage of kills in entire the game.
 B = Kills by you in this place as a percentage of kills by you in the entire game.
 C = Kills by friends in this place as a percentage of kills by friends in the entire game.
 D = Other kills in this place as a percentage of other kills in the entire game.
 E = Experience gained in this place as a percentage of experience gained in the entire game.
 F = Experience gained in this place divided by the number of levels of this place that you have seen.
                   A       B       C       D       E      F
               +-------+-------+-------+-------+-------+----------------------
         Total | 100.0 | 100.0 |   N/A | 100.0 | 100.0 | 12806.0
       Dungeon |  30.3 |  30.2 |   N/A |  50.0 |  15.3 | 5629.2
          Lair |  15.4 |  15.4 |   N/A |   0.0 |  11.3 | 10373.8
        Shoals |   9.4 |   9.4 |   N/A |   0.0 |  13.6 | 18658.2
     Snake Pit |  12.2 |  12.2 |   N/A |   0.0 |  18.6 | 25552.8
  Orcish Mines |   9.0 |   9.0 |   N/A |   0.0 |   2.7 | 7330.5
   Elven Halls |   9.0 |   8.9 |   N/A |  50.0 |  17.7 | 32439.0
        Depths |   8.8 |   8.8 |   N/A |   0.0 |  17.2 | 31626.3
         Abyss |   0.8 |   0.8 |   N/A |   0.0 |   0.0 |   0.0
         Sewer |   0.1 |   0.1 |   N/A |   0.0 |   0.0 | 155.0
        Bailey |   1.5 |   1.5 |   N/A |   0.0 |   0.7 | 3585.0
      Ice Cave |   3.6 |   3.6 |   N/A |   0.0 |   3.0 | 16535.0
               +-------+-------+-------+-------+-------+----------------------

Table legend: (Time is in decaauts)
 A = Elapsed time spent in this place.
 B = Non-inter-level travel time spent in this place.
 C = Inter-level travel time spent in this place.
 D = Time resting spent in this place.
 E = Time spent auto-exploring this place.
 F = Levels seen in this place.
 G = Mean time per level.
                   A        B        C        D        E       F      G
               +--------+--------+--------+--------+--------+-----+--------+
         Total |  88359 |  84132 |   4227 |  26043 |  35120 |  43 | 2054.9 |
       Dungeon |  26067 |  24533 |   1534 |   3817 |  15873 |  15 | 1737.8 |
        Temple |    226 |    206 |     20 |      0 |    204 |   1 |  226.0 |
          Lair |  13511 |  12800 |    711 |   2954 |   6813 |   6 | 2251.8 |
        Shoals |   7756 |   7517 |    239 |   2714 |   1756 |   4 | 1939.0 |
     Snake Pit |  17973 |  17135 |    838 |   7743 |   5402 |   4 | 4493.2 |
  Orcish Mines |   4529 |   4043 |    486 |   1686 |   1176 |   2 | 2264.5 |
   Elven Halls |   8797 |   8479 |    318 |   3850 |   2049 |   3 | 2932.3 |
        Depths |   4868 |   4789 |     79 |   2050 |    391 |   3 | 1622.7 |
         Abyss |    414 |    414 |      0 |      0 |      0 |   1 |  414.0 |
        Bazaar |    295 |    295 |      0 |      0 |    142 |   1 |  295.0 |
         Sewer |    235 |    235 |      0 |      0 |    165 |   1 |  235.0 |
        Bailey |   1462 |   1462 |      0 |    299 |    832 |   1 | 1462.0 |
      Ice Cave |   2219 |   2219 |      0 |    930 |    313 |   1 | 2219.0 |
               +--------+--------+--------+--------+--------+-----+--------+

Top non-repeatable levels by time:
 Snake:3: 6372 daAuts
 Snake:1: 5214 daAuts
 Snake:4: 4659 daAuts
  Lair:6: 4132 daAuts
   Elf:2: 3954 daAuts
    D:15: 3355 daAuts
    D:10: 3026 daAuts
   Elf:3: 2887 daAuts
Shoals:4: 2817 daAuts
Depths:1: 2795 daAuts
  Lair:2: 2479 daAuts
  Lair:3: 2464 daAuts
Shoals:2: 2406 daAuts
   Orc:2: 2368 daAuts
    D:11: 2220 daAuts
